 Dungeon Crawl Stone Soup version 0.28.0 (webtiles) character file.

Game seed: 7294815815813204467

371 mortz the Conjurer (level 6, -1/32 HPs)
             Began as a Deep Elf Conjurer on Feb 16, 2022.
             Was an Initiate of Sif Muna.
             Slain by Pikel (7 damage)
             ... on level 3 of the Dungeon.
             The game lasted 00:33:36 (5102 turns).

mortz the Conjurer (Deep Elf Conjurer)              Turns: 5102, Time: 00:33:37

Health: -1/32      AC:  6    Str:  6    XL:     6   Next: 42%
Magic:  13/16      EV: 12    Int: 23    God:    Sif Muna [......]
Gold:   141        SH:  0    Dex: 13    Spells: 11/16 levels left

rFire   . . .      SeeInvis .   i - +3 hand axe
rCold   + . .      Faith    .   (no shield)
rNeg    . . .      Spirit   .   o - +0 leather armour
rPois   .          Reflect  .   n - +2 hat
rElec   .          Harm     .   (no cloak)
rCorr   .          Rampage  .   (no gloves)
Will    .....                   m - +0 pair of boots
Stlth   ++........              (no amulet)
HPRegen 0.10/turn               j - ring of protection from cold
MPRegen 0.15/turn               (no ring)

@: no status effects
A: no striking features
a: Renounce Religion


You were on level 3 of the Dungeon.
You worshipped Sif Muna.
Sif Muna was noncommittal.
You visited 2 branches of the dungeon, and saw 5 of its levels.

You collected 141 gold pieces.

Inventory:

Hand Weapons
 f - a +0 short sword
 i - a +3 hand axe (weapon)
 k - a +4 flail
Missiles
 d - 6 poisoned darts
Armour
 m - a +0 pair of boots (worn)
 n - a +2 hat (worn)
 o - a +0 leather armour (worn)
Jewellery
 j - a ring of protection from cold (left hand)
Wands
 a - a wand of acid (5)
Scrolls
 g - 3 scrolls of identify {unknown}
 p - a scroll of enchant weapon {unknown}
 q - a scroll of teleportation {unknown}
Potions
 b - a potion of heal wounds {unknown}
 c - a potion of lignification {unknown}
 e - a potion of cancellation {unknown}
 h - 2 potions of flight {unknown}
 l - a potion of curing {unknown}
 r - a potion of haste {unknown}


   Skills:
 + Level 0.2 Short Blades
 + Level 0.2 Axes
 + Level 0.8 Armour
 + Level 3.4 Dodging
 + Level 4.0 Stealth
 + Level 5.8 Spellcasting
 + Level 6.1 Conjurations


You had 11 spell levels left.
You knew the following spells:

 Your Spells              Type           Power      Damage    Failure   Level
a - Magic Dart            Conj           100%       1d8       1%          1
b - Searing Ray           Conj           70%        2d7       1%          2
c - Static Discharge      Conj/Air       20%        N/A       6%          2

Your spell library contained the following spells:

 Spells                   Type           Power      Damage    Failure   Level
 Dazzling Flash           Conj/Hex       40%        N/A       12%         3
 Animate Skeleton         Necr           12%        N/A       14%         1
 Apportation              Tloc           12%        N/A       14%         1
 Pain                     Necr           24%        1d5       14%         1
 Summon Small Mammal      Summ           24%        N/A       14%         1
 Blink                    Tloc           12%        N/A       21%         2
 Fulminant Prism          Conj/Hex       10%        3d9       36%         4
 Iskenderun's Mystic Bla  Conj/Tloc      20%        2d6       36%         4
 Sticky Flame             Conj/Fire      20%        2d4       36%         4
 Vampiric Draining        Necr           6%         2d6       38%         3
 Dispel Undead            Necr           6%         3d8       80%         4
 Manifold Assault         Tloc           6%         N/A       98%         5
 Storm Form               Tmut/Air       3%         N/A       100%        7


Dungeon Overview and Level Annotations

Branches:
Dungeon (4/15)             Temple (1/1) D:4

Altars:
Ashenzari
Cheibriados
Dithmenos
Fedhas
Hepliaklqana
Kikubaaqudgha
Makhleb
Nemelex Xobeh
Okawaru
Qazlal
Ru
Sif Muna
Uskayaw
Wu Jian
Xom
Yredelemnul
Zin
The Shining One

Shops:
D:1 (

Annotations:
D:3 Pikel


Message History

There is a stone staircase leading up, spattered with blood here.
You climb upwards.
There is a stone staircase leading down here.
You start resting.
Magic restored.
You climb downwards.
Level annotation: Pikel A lemure comes into view.
Pikel barely misses you.
Pikel hits you with a +2 whip of flaming.
Pikel burns you.
There is a stone staircase leading up, spattered with blood here.
Casting: Searing Ray (safe; 1% risk of failure)
Confirm with . or Enter, or press ? or * to list all spells.
Aiming: Searing Ray (safe; 1% risk of failure)
Press: ? - help, Shift-Dir - straight line, f - Pikel
Aim: Pikel, wielding a +2 whip of flaming and wearing a +0 robe (lightly wounded, 76% to hit)
The searing ray misses Pikel. (Press . to maintain the ray.)
The lemure shouts! x3
Pikel hits you with a +2 whip of flaming.
Pikel burns you.
The searing ray misses Pikel.
Pikel hits you with a +2 whip of flaming!
Pikel burns you.
The searing ray hits Pikel.
Pikel is lightly wounded.
Pikel hits you with a +2 whip of flaming!
* * * LOW HITPOINT WARNING * * *
Pikel burns you.
* * * LOW HITPOINT WARNING * * *
Pikel closely misses you.
You climb upwards.
There is a stone staircase leading down here.
Aiming: Corrosive Bolt
Press: ? - help, Q - select action, (/) - cycle Shift-Dir - straight line, f - Pikel
Aim: Pikel, wielding a +2 whip of flaming and wearing a +0 robe (lightly wounded, 64% to hit)
The bolt of acid misses Pikel.
Pikel hits you with a +2 whip of flaming!
You die...

#.# ##.###.# ##...## ###.######
##.#.##.# ##.....# # #........#
#.###...# ##.......
###....###.###..#....####.......)
)....#..................+.......[
###.....##.###.#.#...####.......>
# #.#.#.##.# #.#.##..# ##....(..
#......#.# #.<.K...# ##.....#
#........# ###@##### ##...##
#.###..### #.# ##'## #.#..#.#
#####.#### #.# #.#.#..#
#........# #######.## #.#.##.#
#.###.##.# #.....#..## #......#
#.# #.##.###.###...... ###.####
#.# #.##.##..# #...... #.# #.#
#........###...... #####.# #.#
####.##.........#.


You could see Pikel.

Vanquished Creatures
  An ogre (D:4)
  A lemure (D:4)
  An orc priest (D:3)
  A gnoll shaman (D:3)
  Ijyb (D:4)
  8 gnolls
  4 adders (D:3)
  3 worms
  3 dart slugs
  4 orcs
  4 bats
  8 endoplasms
  3 giant cockroaches
  8 hobgoblins
  A quokka (D:1)
  7 ball pythons
  3 frilled lizards (D:1)
  7 goblins
  9 kobolds
  3 rats
80 creatures vanquished.

Vanquished Creatures (others)
  A butterfly (D:4)
1 creature vanquished.

Grand Total: 81 creatures vanquished

Notes
Turn   | Place    | Note
-------+----------+-------------------------------------------
     0 | D:1      | mortz the Deep Elf Conjurer began the quest for the Orb.
     0 | D:1      | Reached XP level 1. HP: 10/10 MP: 6/6
   408 | D:1      | Reached XP level 2. HP: 15/15 MP: 5/8
   889 | D:1      | Found Kuinui's Weapon Shoppe.
   954 | D:1      | Reached XP level 3. HP: 14/19 MP: 0/10
  1418 | D:1      | Learned a level 2 spell: Searing Ray
  2196 | D:2      | Reached XP level 4. HP: 23/24 MP: 1/11
  2427 | D:2      | Reached skill level 5 in Conjurations
  2884 | D:3      | Reached XP level 5. HP: 23/28 MP: 8/13
  3267 | D:3      | Learned a level 2 spell: Static Discharge
  3281 | D:3      | Reached skill level 5 in Spellcasting
  3926 | D:4      | Found a staircase to the Ecumenical Temple.
  3941 | D:4      | Noticed an ogre
  3942 | Temple   | Entered the Ecumenical Temple
  4332 | Temple   | Became a worshipper of Sif Muna the Loreminder
  4397 | D:4      | Killed an ogre
  4398 | D:4      | Reached skill level 6 in Conjurations
  4398 | D:4      | Reached XP level 6. HP: 32/32 MP: 6/16
  4766 | D:4      | Noticed Ijyb
  4770 | D:4      | Killed Ijyb
  4904 | D:4      | Noticed Pikel
  5102 | D:3      | Slain by Pikel

Illustrated notes

Levels and vault maps discovered:
D:1:      sevenhm_arrival_forest_fort_small_3, layout_basic, serial_shops, shop,
          grunt_decor_resistance, minmay_misc_feat_pillars
D:2:      layout_loops_ring
D:3:      layout_loops_corners
D:4:      layout_gridville, nicolae_elyvilon_peaceful_grove, temple_statues,
          chequers_garden, uniq_crazy_yiuf_cottage, uniq_pikel, uniq_ijyb
Temple:   dpeg_five_rooms_temple

Skill      XL: |  1  2  3  4  5 |
---------------+----------------+-----
Stealth        | 3 4 |  4.0
Dodging        | 3 |  3.4
Spellcasting   | 4 5 |  5.8
Conjurations   | 5 6 |  6.1
Short Blades   | |  0.2
Axes           | |  0.2
Armour         | |  0.8

Action                   |  1- 3 |  4- 6 || total
-------------------------+-------+-------++-------
Melee: Dagger            |     4 |       ||     4
       Hand axe          |       |     2 ||     2
       Punch             |       |     1 ||     1
 Cast: Magic Dart        |    84 |    59 ||   143
       Searing Ray       |     3 |    15 ||    18
Evoke: Wand              |       |     1 ||     1
Armor: Leather armour    |       |     3 ||     3
Dodge: Dodged            |     6 |    17 ||    23
